 Dungeon Crawl Stone Soup version 0.29-a0-418-gc0181ea (webtiles) character file.

Game seed: 17576919307575367317

16367 Toastz the Covert (level 12, -2/76 HPs)
             Began as a Kobold Enchanter on May 17, 2022.
             Was an Initiate of Gozag.
             Killed from afar by a death drake (6 damage)
             ... with a foul vapour
             ... in a Gauntlet.
             The game lasted 00:54:31 (15773 turns).

Toastz the Covert (Kobold Enchanter)               Turns: 15773, Time: 00:54:32

Health: -2/76      AC:  8    Str:  8    XL:     12   Next: 69%
Magic:  17/21      EV: 26    Int: 17    God:    Gozag
Gold:   2562       SH:  0    Dex: 29    Spells: 8/23 levels left

rFire   . . .      SeeInvis +   a - +3 dagger (freeze)
rCold   . . .      Faith    .   (no shield)
rNeg    . . .      Spirit   .   m - +1 leather armour of the Bequeathed God {Dex+6 SInv}
rPois   .          Reflect  .   (no helmet)
rElec   .          Harm     .   A - +1 cloak {Will+}
rCorr   .          Rampage  .   Z - +0 pair of gloves
Will    +....      NoTele   +   p - +0 pair of boots
Stlth   ++++++....              X - amulet of regeneration
HPRegen 1.02/turn               n - +6 ring of dexterity
MPRegen 0.17/turn               o - +4 ring of evasion

@: lethally poisoned (-2 -> -44), confusing by touch, slowed, very slow
A: small, no large weapons, nightstalker 3
a: Renounce Religion, Potion Petition, Call Merchant, Bribe Branch


You were in a Gauntlet.
You worshipped Gozag.
Gozag was most pleased with you.
You visited 2 branches of the dungeon, and saw 12 of its levels.
You also visited: Sewer and Gauntlet.

You collected 2608 gold pieces.
You paid 46 gold pieces to Gozag.

Inventory:

Hand Weapons
 a - a +3 dagger of freezing (weapon)
 b - a +0 dagger of venom
 Y - a +2 dagger of chaos
Missiles
 F - 2 throwing nets
 O - 3 datura-tipped darts (quivered)
Armour
 m - the +1 leather armour of the Bequeathed God (worn) {Dex+6 SInv}
   (You took it off an orc wizard on level 8 of the Dungeon)

   Dex:       It affects your dexterity (+6).
   SInv:      It lets you see invisible.
 p - a +0 pair of boots (worn)
 A - a +1 cloak of willpower (worn)
 Z - a +0 pair of gloves (worn)
Jewellery
 n - a +6 ring of dexterity (left hand)
 o - a +4 ring of evasion (right hand)
 I - a +6 ring of strength
 J - a ring of poison resistance
 M - the amulet of Orchanagu {Acrobat *Slow Str+7}
   (You took it off an orc warrior on level 10 of the Dungeon)

   [amulet of the acrobat]

   It increases your evasion while moving and waiting.
   Str:       It affects your strength (+7).
   *Slow:     It may slow you when you take damage.
 N - a ring of protection from fire
 X - an amulet of regeneration (around neck)
Wands
 y - a wand of acid (13)
 z - a wand of polymorph (7)
 D - a wand of flame (40)
 L - a wand of iceblast (7)
 S - a wand of charming (14)
Scrolls
 d - a scroll of torment {unknown}
 f - a scroll of vulnerability
 g - 5 scrolls of fog
 h - a scroll of summoning
 j - a scroll of blinking {unknown}
 q - 2 scrolls of enchant weapon
 u - 3 scrolls of magic mapping
 v - a scroll of amnesia {unknown}
 C - a scroll of poison {unknown}
 E - a scroll of immolation {unknown}
 H - a scroll of fear {unknown}
 R - a scroll of enchant armour {unknown}
 V - 2 scrolls of teleportation
Potions
 c - 4 potions of invisibility
 e - 3 potions of berserk rage
 k - a potion of curing
 l - a potion of ambrosia {unknown}
 r - 3 potions of attraction
 s - 3 potions of might
 t - 3 potions of lignification
 w - 2 potions of haste {unknown}
 x - 4 potions of flight
 G - 2 potions of heal wounds
 K - 3 potions of degeneration {unknown}
 Q - a potion of magic {unknown}
 T - 2 potions of mutation {unknown}
 U - a potion of resistance {unknown}
Miscellaneous
 i - a tin of tremorstones (2/2)


   Skills:
 - Level 9.0 Fighting
 - Level 10.0 Short Blades
 - Level 1.5 Armour
 - Level 8.0 Dodging
 + Level 10.6 Stealth
 - Level 6.0 Spellcasting
 + Level 6.0 Conjurations
 - Level 10.0 Hexes
 + Level 4.9 Ice Magic


You had 8 spell levels left.
You knew the following spells:

 Your Spells              Type           Power      Damage    Failure   Level
a - Ensorcelled Hibernat  Hex/Ice        60%        N/A       1%          2
b - Confusing Touch       Hex            39%        N/A       1%          3
c - Tukima's Dance        Hex            39%        N/A       1%          3
d - Dazzling Flash        Conj/Hex       64%        N/A       1%          3
e - Fulminant Prism       Conj/Hex       16%        3d11      7%          4

Your spell library contained the following spells:

 Spells                   Type           Power      Damage    Failure   Level
 Magic Dart               Conj           100%       1d8       1%          1
 Searing Ray              Conj           50%        2d6       2%          2
 Frozen Ramparts          Ice            42%        1d6       7%          3
 Anguish                  Hex/Necr       11%        N/A       22%         4
 Passwall                 Tmut/Erth      4%         N/A       26%         2
 Iskenderun's Mystic Bla  Conj/Tloc      15%        2d5       45%         4
 Swiftness                Air            5%         N/A       47%         3
 Ice Form                 Ice/Tmut       13%        N/A       54%         4
 Summon Ice Beast         Ice/Summ       13%        N/A       54%         4
 Enfeeble                 Hex            19%        N/A       94%         7
 Lee's Rapid Deconstruct  Erth           2%         3d6*      99%         5


Dungeon Overview and Level Annotations

Branches:
Dungeon (11/15)            Temple (0/1) D:5            Lair (1/6) D:9
  Sewer (visited)         Gauntlet (1/1)
    Orc: D:9-12

Altars:
Fedhas
Gozag
Makhleb
Sif Muna
Xom
Yredelemnul

Annotations:
Gauntlet 7 transporters, 3 runed translucent doors


Innate Abilities, Weirdness & Mutations

You are small and have problems with some larger weapons.
You are completely attuned to the shadows.


Message History

Casting: Confusing Touch (safe; 1% risk of failure)
Confirm with . or Enter, or press ? or * to list all spells.
Your hands begin to glow red.
The death drake breathes miasma at you. The foul vapour engulfs you!
You are poisoned.
You feel better.
You are engulfed in dark miasma.
You are poisoned.
You feel very sick. The redback zombie closely misses you.
The death drake completely misses you. The redback zombie closely misses you.
The death drake barely misses you.
Okay, then.
You feel better.
You are engulfed in dark miasma.
You are poisoned.
You feel yourself slow down.
* * * LOW HITPOINT WARNING * * *
You feel very sick. The redback zombie bites you!
* * * LOW HITPOINT WARNING * * *
The death drake closely misses you.
* * * LOW HITPOINT WARNING * * *
You feel very sick. The redback zombie closely misses you.
The death drake bites you.
* * * LOW HITPOINT WARNING * * *
The redback zombie misses you. The death drake breathes miasma at you.
The foul vapour misses you.
Okay, then.
Okay, then.
You feel much better.
You are engulfed in dark miasma.
You are lethally poisoned!
* * * LOW HITPOINT WARNING * * *
You feel extremely sick. The redback zombie closely misses you.
The death drake bites you!
* * * LOW HITPOINT WARNING * * *
The redback zombie misses you. The death drake breathes miasma at you.
The foul vapour engulfs you.
You are more poisoned.
You die...
Your body crumbles into a pile of gold.

##≈.##.#.#.##.#z#≈ ≈#z#.≈#
#≈≈.#.#.#.#.#.#.## ##.#.≈≈
##≈.##.#©#.##.#zz(©$.z#.≈#
##.###################.##
##≈....#©.........©#....≈#
#≈≈..8.#.8.8.8.8.8.#.8..≈≈
##≈....#©.........©#....≈#
##.#########.#########.##
##≈.#.###@kZ#.###..z..#.≈#
#≈≈.#.#°Z°#Z#.###.###.#.≈≈
##≈.#.°°###.#.#z#.z##z#.≈#
##.#°#°©.#.###z.z ..z#.##
##≈.#.###...#.#z# .z#z#.≈#
#≈≈.#.#...#.#.#.###z###.≈≈
##≈.#.)[©.[.#.#.!$©=###.≈#
##.#########.#########.##
#≈.....................≈#


You could see a death drake (catching breath), a spectral meliai, a hornet
zombie and a redback zombie.

Vanquished Creatures
  Harold (D:9)
  A boulder beetle (D:10)
  Erica (D:9)
  3 two-headed ogres
  Pikel (D:7)
  2 ugly things
  An ice statue (Gauntlet)
  2 rime drakes (Gauntlet)
  2 trolls (D:10)
  A queen bee (Gauntlet)
  A jumping spider (shapeshifter) (D:6)
  A shadow (D:10)
  2 wyverns
  21 yaks
  A vampire (D:10)
  2 basilisks
  6 vampire mosquitoes
  4 steam dragons
  An acid dragon (D:10)
  3 water moccasins
  3 ice beasts
  2 black bears
  Pargi (Sewer)
  A hornet zombie (Gauntlet)
  3 orc warriors
  3 wolves (Lair:1)
  A centaur (D:9)
  2 ogres
  A lemure (D:7)
  A phantom (D:3)
  4 kobold brigands
  6 bullfrogs
  A scorpion (D:4)
  A necrophage (D:7)
  2 gnoll sergeants
  10 wights
  3 killer bees (Gauntlet)
  5 howler monkeys
  A crimson imp (D:5)
  2 jellies (D:6)
  6 orc priests
  Crazy Yiuf (D:3)
  4 hounds
  3 iguanas
  A gnoll shaman (D:9)
  5 orc wizards
  9 adders
  12 gnolls
  A shadow imp (D:6)
  A white imp (D:5)
  8 worms
  3 dart slugs
  42 orcs
  11 endoplasms
  7 giant cockroaches
  8 hobgoblins
  23 jackals
  23 kobolds
  7 quokkas
  3 ball pythons
  8 bats
  8 frilled lizards
  6 goblins
  2 rats
312 creatures vanquished.

Vanquished Creatures (collateral kills)
  A wight (D:8)
1 creature vanquished.

Vanquished Creatures (others)
  A dancing weapon (D:7)
  A wight (D:10)
  2 kobolds (D:9)
  9 fulminant prisms (Gauntlet)
  3 plants
16 creatures vanquished.

Grand Total: 329 creatures vanquished

Notes
Turn   | Place    | Note
-------+----------+-------------------------------------------
     0 | D:1      | Toastz the Kobold Enchanter began the quest for the Orb.
     0 | D:1      | Reached XP level 1. HP: 10/10 MP: 3/3
   131 | D:1      | Reached skill level 1 in Fighting
   131 | D:1      | Reached XP level 2. HP: 16/16 MP: 5/5
   134 | D:1      | Learned a level 2 spell: Ensorcelled Hibernation
   779 | D:1      | Found a faded altar of an unknown god.
   839 | D:1      | Reached XP level 3. HP: 20/20 MP: 6/6
   945 | D:1      | Learned a level 3 spell: Confusing Touch
  1394 | D:2      | Reached skill level 1 in Ice Magic
  1487 | D:2      | Reached XP level 4. HP: 26/26 MP: 2/7
  2758 | D:3      | Reached XP level 5. HP: 31/31 MP: 8/8
  2762 | D:3      | Learned a level 3 spell: Tukima's Dance
  2815 | D:3      | Found a runed translucent door.
  2818 | D:3      | Noticed Crazy Yiuf
  3459 | D:3      | Found an opulent altar of Gozag.
  3481 | D:3      | Became a worshipper of Gozag Ym Sagoz the Greedy
  4077 | D:3      | Killed Crazy Yiuf
  4078 | D:3      | Reached XP level 6. HP: 37/37 MP: 3/9
  4755 | D:3      | Reached skill level 5 in Short Blades
  5029 | D:4      | Reached XP level 7. HP: 41/41 MP: 8/11
  5422 | D:4      | Learned a level 3 spell: Dazzling Flash
  5580 | D:5      | Entered Level 5 of the Dungeon
  6368 | D:5      | Reached skill level 1 in Conjurations
  6611 | D:5      | Found a staircase to the Ecumenical Temple.
  6802 | D:5      | Found a burning altar of Makhleb.
  6803 | D:5      | Found a shimmering altar of Xom.
  6806 | D:5      | Reached XP level 8. HP: 48/48 MP: 12/12
  7308 | D:6      | Found a glowing drain.
  7348 | Sewer    | Entered a sewer
  7467 | Sewer    | Noticed Pargi
  7470 | Sewer    | Killed Pargi
  7471 | Sewer    | Reached skill level 5 in Stealth
  7596 | D:6      | Reached skill level 5 in Hexes
  7846 | D:6      | Reached XP level 9. HP: 33/52 MP: 8/13
  8221 | D:6      | Reached skill level 10 in Short Blades
  8898 | D:7      | Noticed Pikel
  8902 | D:7      | Killed Pikel
  8903 | D:7      | Reached skill level 5 in Fighting
  8903 | D:7      | Reached skill level 1 in Armour
  9390 | D:7      | Reached XP level 10. HP: 60/60 MP: 14/14
  9479 | D:7      | Found a basalt altar of Yredelemnul.
 10774 | D:8      | Found a shimmering blue altar of Sif Muna.
 11027 | D:8      | Reached skill level 5 in Dodging
 11319 | D:9      | Noticed a two-headed ogre
 11325 | D:9      | Killed a two-headed ogre
 11326 | D:9      | Reached skill level 10 in Stealth
 11408 | D:9      | Reached XP level 11. HP: 61/66 MP: 7/17
 11555 | D:9      | Noticed Harold
 11571 | D:9      | Killed Harold
 11579 | D:9      | Found a staircase to the Lair.
 11652 | D:9      | Noticed Erica
 11701 | D:9      | Noticed a two-headed ogre
 11755 | D:9      | Identified the +1 leather armour of the Bequeathed God
                  | {Dex+6 SInv}
 12023 | D:9      | Killed Erica
 12280 | D:9      | Reached skill level 5 in Conjurations
 12824 | D:9      | Killed a two-headed ogre
 12966 | D:10     | Entered Level 10 of the Dungeon
 13161 | D:10     | Noticed a boulder beetle
 13165 | D:10     | Killed a boulder beetle
 13166 | D:10     | Reached XP level 12. HP: 73/73 MP: 18/18
 13358 | D:10     | Found a blossoming altar of Fedhas.
 13704 | D:10     | Noticed a two-headed ogre
 13818 | D:10     | Identified the amulet of Orchanagu {Acrobat *Slow Str+7}
 13860 | D:10     | Reached skill level 10 in Hexes
 13882 | D:10     | Killed a two-headed ogre
 14081 | D:10     | Reached skill level 5 in Spellcasting
 14633 | D:11     | Learned a level 4 spell: Fulminant Prism
 14961 | Lair:1   | Entered Level 1 of the Lair of Beasts
 15048 | Lair:1   | Found a gate leading to a gauntlet.
 15058 | Gauntlet | Entered a Gauntlet
 15058 | Gauntlet | Found a transporter.
 15059 | Gauntlet | Noticed a soul eater
 15068 | Gauntlet | Found a runed translucent door.
 15092 | Gauntlet | Noticed a death drake
 15099 | Gauntlet | Found a transporter.
 15110 | Gauntlet | Found a transporter.
 15133 | Gauntlet | Found a runed translucent door.
 15153 | Gauntlet | Found a transporter.
 15167 | Gauntlet | Found a transporter.
 15287 | Gauntlet | Found a transporter.
 15342 | Gauntlet | Found a transporter.
 15355 | Gauntlet | Found a runed translucent door.
 15361 | Gauntlet | Found a transporter.
 15396 | Gauntlet | Found a transporter.
 15730 | Gauntlet | Found a transporter.
 15742 | Gauntlet | Found a transporter.
 15742 | Gauntlet | Found a transporter.
 15772 | Gauntlet | HP: 2/76 [death drake (2)]
 15773 | Gauntlet | Killed from afar by a death drake

Illustrated notes

Levels and vault maps discovered:
D:1:      dpeg_arrival_rooms_c, layout_rooms,
          shapermc_ecumenical_altar_totnotflames
D:2:      layout_loops_cross
D:3:      layout_basic, mainiacjoe_overflow_catwalk, uniq_crazy_yiuf_cottage
D:4:      layout_cave_pools, serial_park, serial_park_tiny_pond,
          serial_park_avenue1, serial_park_tiny_2, serial_park_square3
          [serial_park_minivault_5x5_2], serial_park_tiny_1,
          minmay_goblin_outpost
D:5:      layout_loops_cross, grunt_temple_overflow_champion_of_chaos,
          minmay_temple_entry_fiery, nicolae_wormholes
D:6:      layout_gridville, gup_sewer_entry_pipe
D:7:      minmay_inner_zag, layout_basic, mainiacjoe_overflow_tiny_flanked,
          minivault_25, uniq_pikel
D:8:      layout_loops_cross, nicolae_sif_muna_condensation,
          kennysheep_crisscross, serial_bayou_pond_c, minivault_26,
          minivault_19, nicolae_sextant
D:9:      layout_loops_ring, david_lair_generic, uniq_harold, uniq_erica
D:10:     minmay_clustersquares, layout_stronghold, kennysheep_small_circle
D:11:     layout_basic, kennysheep_orc_monster_closet_entryway, serial_shops,
          nicolae_shop_hallway_plus, grunt_decor_fettered
Lair:1:   layout_loops_ring, gauntlet_entry_generic, minmay_holes, uniq_fannar,
          uniq_nergalle
Gauntlet: minmay_gauntlet_77_indecision [minmay_gauntlet_arena_77_path,
          minmay_gauntlet_arena_77_mirror, minmay_gauntlet_arena_77_checkered,
          minmay_gauntlet_arena_77_shame_cube,
          minmay_gauntlet_arena_77_broken_ladder,
          minmay_gauntlet_arena_77_p_blocks, dreamdust_gauntlet_exit_labyrinth]

Skill      XL: |  1  2  3  4  5  6  7  8  9 10 11 12 |
---------------+-------------------------------------+-----
Short Blades   | 2 3 4 5 7 9 10 | 10.0
Fighting       | 1 2 3 4 6 8 9 |  9.0
Ice Magic      | 1 2 3 4 |  4.9
Hexes          | 4 5 6 7 9 10 | 10.0
Spellcasting   | 3 4 6 |  6.0
Conjurations   | 1 2 3 4 6 |  6.0
Stealth        | 6 7 10 | 10.6
Dodging        | 4 5 7 8 |  8.0
Armour         | 1 |  1.5

Action                   |  1- 3 |  4- 6 |  7- 9 | 10-12 || total
-------------------------+-------+-------+-------+-------++-------
Melee: Dagger            |    81 |   195 |   249 |   496 ||  1021
       Punch             |       |     5 |     5 |     7 ||    17
Throw: Stone             |       |     2 |       |       ||     2
 Cast: Ensorcelled Hiber |    17 |    24 |    37 |    39 ||   117
       Confusing Touch   |       |     3 |     5 |    25 ||    33
       Tukima's Dance    |       |     1 |     5 |    10 ||    16
       Dazzling Flash    |       |       |     2 |    18 ||    20
       Fulminant Prism   |       |       |       |     9 ||     9
  Use: Scroll            |       |     8 |     2 |     8 ||    18
       Potion            |       |       |       |     5 ||     5
 Stab: Sleeping          |    25 |    25 |    49 |    43 ||   142
       Confused          |       |     2 |     5 |    19 ||    26
       Distracted        |       |     1 |       |     5 ||     6
       Invisible         |       |       |     4 |    17 ||    21
Armor: Robe              |    17 |    31 |     4 |    11 ||    63
       Leather armour    |       |       |    16 |    20 ||    36
Dodge: Dodged            |    75 |   107 |   115 |   346 ||   643

Table legend: (Time is in decaauts)
 A = Elapsed time spent in this place.
 B = Non-inter-level travel time spent in this place.
 C = Inter-level travel time spent in this place.
 D = Time resting spent in this place.
 E = Time spent auto-exploring this place.
 F = Levels seen in this place.
 G = Mean time per level.
                   A        B        C        D        E       F      G
               +--------+--------+--------+--------+--------+-----+--------+
         Total |  15397 |  14861 |    536 |   2543 |   9240 |  14 | 1099.8 |
       Dungeon |  14441 |  13905 |    536 |   2275 |   8907 |  11 | 1312.8 |
          Lair |     94 |     94 |      0 |      0 |      0 |   1 |   94.0 |
         Sewer |    168 |    168 |      0 |      0 |    126 |   1 |  168.0 |
      Gauntlet |    693 |    693 |      0 |    268 |    207 |   1 |  693.0 |
               +--------+--------+--------+--------+--------+-----+--------+

Top non-repeatable levels by time:
     D:3: 2071 daAuts
    D:10: 1651 daAuts
     D:6: 1516 daAuts
     D:5: 1429 daAuts
     D:9: 1388 daAuts
     D:8: 1327 daAuts
     D:2: 1287 daAuts
     D:7: 1242 daAuts
     D:1: 1241 daAuts
     D:4: 1008 daAuts
Gauntlet: 693 daAuts
    D:11: 276 daAuts
   Sewer: 168 daAuts
  Lair:1: 94 daAuts
